 Dungeon Crawl Stone Soup version 0.30-a0-439-g9e77e4d916 (webtiles) character file.

Game seed: 1523751857996417734

107 bande the Covered (level 4, -5/29 HPs)
             Began as a Gargoyle Fighter on Dec 10, 2022.
             Splashed by a jelly's acid (10 damage)
             ... on level 3 of the Dungeon.
             The game lasted 00:02:17 (1775 turns).

bande the Covered (Gargoyle Fighter)                Turns: 1775, Time: 00:02:17

Health: -5/29      AC:  2    Str: 20    XL:     4   Next: 86%
Magic:  4/4        EV:  9    Int:  8    God:
Gold:   83         SH:  4    Dex: 11    Spells: 3/3 levels left

rFire   . . .      SeeInvis .    a - +0 war axe
rCold   . . .      Faith    .    c - +0 buckler
rNeg    + . .      Spirit   .    b - +0 scale mail
rPois   ∞          Reflect  .    (no helmet)
rElec   +          Harm     .    (no cloak)
rCorr   .          Rampage  .    (no gloves)
Will    .....                    (no boots)
Stlth   ..........               (no amulet)
HPRegen 0.24/turn                (no ring)
MPRegen 0.09/turn                (no ring)

@: corroded
A: sickness immunity, AC +3, negative energy resistance 1, electricity
resistance, torment resistance 1, petrification resistance
a: no special abilities


You were on level 3 of the Dungeon.
You visited 1 branch of the dungeon, and saw 3 of its levels.

You collected 83 gold pieces.

Inventory:

Hand Weapons
 a - a +0 war axe (weapon)
 m - a +0 flail
Armour
 b - a +0 scale mail (worn)
 c - a +0 buckler (worn)
Scrolls
 e - 8 scrolls of identify {unknown}
 f - a scroll of teleportation {unknown}
 i - a scroll of silence {unknown}
 j - a scroll of summoning {unknown}
 l - a scroll of brand weapon {unknown}
 n - a scroll of immolation {unknown}
Potions
 d - 2 potions of might
 g - a potion of attraction {unknown}
 h - 2 potions of invisibility {unknown}
 k - 3 potions of curing {unknown}


   Skills:
 + Level 3.7 Fighting
 + Level 3.2 Axes
 + Level 4.0 Armour
 + Level 3.8 Shields


You had 3 spell levels left.
You didn't know any spells.
Your spell library contained the following spells:

 Spells                   Type           Power      Damage    Failure   Level
 Wereblood                Tmut           0%         N/A       94%         2
 Summon Hydra             Summ           0%         N/A       100%        7
 Sublimation of Blood     Necr           Unusable   N/A       N/A         2

Dungeon Overview and Level Annotations

Branches:
Dungeon (3/15)

Altars:

Shops:
D:3 =


Innate Abilities, Weirdness & Mutations

You are immune to sickness and miasma.
Your stone body is resilient. (AC +3)
You are immune to poison.
You resist negative energy. (rN+)
You are resistant to electric shocks. (rElec)
You are resistant to unholy torment.
You are immune to petrification.


Message History

A goblin is nearby!
A spectral hobgoblin comes into view.
A jelly comes into view.
A ball python comes into view.
An endoplasm comes into view.
The endoplasm quivers.
The goblin hits you but does no damage. The goblin closely misses you.
You closely miss the goblin. The goblin barely misses you.
You block the goblin's attack.
You hit the spectral hobgoblin.
The spectral hobgoblin is heavily damaged.
You slash the endoplasm!
You kill the endoplasm!
You hit the goblin.
You kill the goblin!
The spectral hobgoblin closely misses you.
You hit the jelly. The acid corrodes you!
Your hands burn!
The jelly is lightly wounded.
You hit the spectral hobgoblin but do no damage.
You block the spectral hobgoblin's attack.
The jelly closely misses you.
Unknown command.
You slash the jelly!
Your hands burn!
The jelly is heavily wounded.
You hit the ball python but do no damage.
You hit the spectral hobgoblin but do no damage.
The ball python bites you but does no damage.
The ball python closely misses you. The jelly completely misses you.
The spectral hobgoblin barely misses you.
The ball python bites you but does no damage.
You block the ball python's attack. The jelly hits you. The acid corrodes you!
You are splashed with acid!
The spectral hobgoblin hits you but does no damage.
You hit the jelly.
Your hands burn!
* * * LOW HITPOINT WARNING * * *
The jelly is severely wounded.
You hit the spectral hobgoblin but do no damage.
You hit the ball python. The ball python barely misses you. x2
The jelly hits you.
* * * LOW HITPOINT WARNING * * *
You are splashed with acid!
You die...

#.. .##.~ ###..
..~. .... .~~ #
...##..# #.
#....~~# .~~
...##....~.#.~~.
#......)Z.# .~.
#####?J@..#~.#
.......S..#8~#.~
######.#.~~##~..
####
......).~..~~..
....
......#.)......
....
....####.##...#.
#### ....
#..###..#. ...
#......... ..
#.#.####..# #


You could see a spectral hobgoblin, a jelly and a ball python.

Vanquished Creatures
  4 gnolls (D:3)
  An adder (D:2)
  A worm (D:2)
  A dart slug (D:1)
  5 endoplasms
  6 giant cockroaches
  7 goblins
  9 hobgoblins
  2 quokkas
  4 ball pythons
  3 bats (D:1)
  2 frilled lizards
  3 kobolds
  4 rats
52 creatures vanquished.

Notes
Turn   | Place    | Note
-------+----------+-------------------------------------------
     0 | D:1      | bande the Gargoyle Fighter began the quest for the Orb.
     0 | D:1      | Reached XP level 1. HP: 14/14 MP: 1/1
    74 | D:1      | Reached XP level 2. HP: 18/19 MP: 2/2
   596 | D:1      | Reached XP level 3. HP: 23/23 MP: 3/3
  1178 | D:2      | Reached XP level 4. HP: 28/28 MP: 4/4
  1324 | D:3      | Reached skill level 4 in Armour
  1710 | D:3      | Found Biutras's Jewellery Shoppe.
  1775 | D:3      | Splashed by a jelly's acid

Illustrated notes

Levels and vault maps discovered:
D:1:      lightli_iron_boxes, layout_loops_ring
D:2:      layout_basic
D:3:      layout_basic, tgw_fedhas, dreamdust_ecumenical_altar_drowned_temple,
          serial_shops, nicolae_shop_crystal

Skill      XL: |  1  2  3  4 |
---------------+-------------+-----
Axes           | 2 3 |  3.2
Armour         | 4 |  4.0
Fighting       | |  3.7
Shields        | |  3.8

Action                   |  1- 3 |  4- 6 || total
-------------------------+-------+-------++-------
Melee: War axe           |   103 |    36 ||   139
Armor: Scale mail        |    49 |    22 ||    71
Dodge: Dodged            |    51 |    22 ||    73
Block: Buckler           |    22 |    16 ||    38

Table legend: (Time is in decaauts)
 A = Elapsed time spent in this place.
 B = Non-inter-level travel time spent in this place.
 C = Inter-level travel time spent in this place.
 D = Time resting spent in this place.
 E = Time spent auto-exploring this place.
 F = Levels seen in this place.
 G = Mean time per level.
                   A        B        C        D        E       F      G
               +--------+--------+--------+--------+--------+-----+--------+
         Total |   1832 |   1794 |     38 |    302 |   1104 |   3 |  610.7 |
       Dungeon |   1832 |   1794 |     38 |    302 |   1104 |   3 |  610.7 |
               +--------+--------+--------+--------+--------+-----+--------+

Top non-repeatable levels by time:
     D:1: 699 daAuts
     D:2: 656 daAuts
     D:3: 477 daAuts
